 Dungeon Crawl Stone Soup version 0.19.1-1-g22dce08 (webtiles) character file.

3415 DaddyBuck the Blocker (level 10, -1/108 HPs)
             Began as a Formicid Fighter on Jan 3, 2017.
             Was an Initiate of Hepliaklqana.
             Slain by a killer bee (2 damage)
             ... on level 7 of the Dungeon.
             The game lasted 00:23:17 (6654 turns).

DaddyBuck the Blocker (Formicid Fighter)            Turns: 6654, Time: 00:23:17

Health: -1/108     AC: 25    Str: 24    XL:     10   Next: 25%
Magic:  11/11      EV:  2    Int:  8    God:    Hepliaklqana [......]
Gold:   314        SH: 11    Dex: 10    Spells: 0 memorised, 9 levels left

rFire  + . .     SeeInvis .     l - +3 great sword (holy)
rCold  + . .     Gourm    .     (armour currently unavailable)
rNeg   + + +     Faith    .     c - +0 shield
rPois  +         Spirit   .     (helmet unavailable)
rElec  +         Reflect  .     (cloak currently unavailable)
rCorr  +         Harm     .     (gloves currently unavailable)
MR     +....                    (boots currently unavailable)
Stlth  +.........               (no amulet)
                                (no ring)
                                (no ring)

@: lethally poisoned (-1 -> -7), tree-form, resistant
A: permanent stasis, dig shafts and tunnels, four strong arms, reduced essence,
(antennae 0)
a: Recall Ancestor, Ancestor Identity, Renounce Religion


You were on level 7 of the Dungeon.
You worshipped Hepliaklqana.
Hepliaklqana was noncommittal.
You were not hungry.
You were a tree.
You visited 2 branches of the dungeon, and saw 8 of its levels.
You also visited: Ossuary.

You collected 314 gold pieces.

Inventory:

Hand Weapons
 l - a +3 great sword of holy wrath (weapon)
Armour
 b - a +0 pair of boots (melded)
 c - a +0 shield (worn)
 C - a +0 plate armour (melded)
Wands
 a - a wand of iceblast (7/15)
 i - a wand of lightning (6/15)
 j - a wand of disintegration (14/24)
 s - a wand of paralysis (1/24)
Scrolls
 d - a scroll of random uselessness {unknown}
 g - 2 scrolls of blinking
 h - a scroll of remove curse
 n - a scroll of amnesia {unknown}
 u - 4 scrolls of identify
Potions
 e - 4 potions of heal wounds {unknown}
 k - a potion of resistance
 q - a potion of flight {unknown}
 r - a potion of degeneration
 v - 2 potions of curing {unknown}
 w - 2 potions of lignification
 x - a potion of magic
 z - 2 potions of cure mutation {unknown}
Books
 y - a book of Geomancy

   Spells                             Type                      Level
   a - Sandblast                      Earth                        1
   b - Passwall                       Transmutation/Earth          2
   c - Stone Arrow                    Conjuration/Earth            3
   d - Petrify                        Transmutation/Earth          4
   e - Lee's Rapid Deconstruction     Earth                        5
 A - a book of Minor Magic

   Spells                             Type                      Level
   a - Magic Dart                     Conjuration                  1
   b - Blink                          Translocation                2
   c - Call Imp                       Summoning                    2
   d - Repel Missiles                 Charms/Air                   2
   e - Slow                           Hexes                        2
   f - Conjure Flame                  Conjuration/Fire             3
   g - Mephitic Cloud                 Conjuration/Poison/Air       3
Comestibles
 f - 2 bread rations
 m - a meat ration
 o - a fruit
 p - a beef jerky
 B - 12 chunks of flesh


   Skills:
 + Level 7.8 Fighting
 + Level 7.3 Long Blades
 + Level 7.7 Armour
 - Level 3.3 Dodging
 + Level 8.7 Shields
 + Level 2.2 Invocations


You had 9 spell levels left.
You didn't know any spells.

Dungeon Overview and Level Annotations

Branches:
Dungeon (7/15)             Temple (1/1) D:6

Altars:
Cheibriados
Dithmenos
Elyvilon
Fedhas
Hepliaklqana
Kikubaaqudgha
Makhleb
Okawaru
Qazlal
Ru
Sif Muna
Trog
Uskayaw
Vehumet
Xom
Yredelemnul
Zin
The Shining One

Shops:
D:6 }


Innate Abilities, Weirdness & Mutations

You are under a permanent stasis effect.
You can dig through walls and to a lower floor.
Your four strong arms can wield two-handed weapons with a shield.
((You have a pair of large antennae on your head. (SInv)))
Your life essence is reduced. (-10% HP)


Message History

You miss the killer bee.
* * * LOW HITPOINT WARNING * * *
You feel sick.
The killer bee stings you but does no damage. x2
* * * LOW HITPOINT WARNING * * *
You feel sick.
The killer bee stings you but does no damage.
It was a potion of lignification.
You turn into a tree.
Your +0 pair of boots melds into your body.
Your +0 plate armour melds into your body.
Your roots penetrate the ground.
* * * LOW HITPOINT WARNING * * *
You feel sick.
The killer bee stings you but does no damage.
The killer bee completely misses you.
You riposte.
You slash the killer bee!
The killer bee is heavily wounded.
It was a potion of magic.
Magic courses through your body.
* * * LOW HITPOINT WARNING * * *
You feel sick. The killer bee stings you.
You die... ...#># #.# {{ ##.#.# #(# ## .....# ##)## yy#

##.### ##)))## y# #.#
##.....## ### .# ##.##
##...[...## ##.##.#
#...####.........####...#†#
.......+.........y†.......#
....####........♣####...#.#
.#.## ##.......## ##.....#
.### ##.....## ...##..# .#
##(..## #.#..# ..# .# ##+##
# #.{# ..# .# #.# .... ..#
.##### #.# ....# #.#
.#...## ##.## #.....
......#####...##


You could see a killer bee.

Vanquished Creatures
  Pikel (D:5)
  The ghost of Spif the Cudgeler, a novice GrFi of Okawaru (Ossuary)
  Sigmund (D:5)
  Edmund (D:5)
  2 orc warriors
  An ice beast (D:5)
  4 slaves (D:5)
  A black bear (D:7)
  3 ogres
  3 centaurs
  Blork the orc (D:4)
  3 water moccasin zombies (Ossuary)
  A scorpion (D:5)
  2 killer bees (D:7)
  A crimson imp (D:5)
  A jelly (D:5)
  2 hounds
  6 orc wizards
  6 orc priests
  A centaur skeleton (D:4)
  Jessica (D:2)
  3 worker ants
  3 big kobold zombies (Ossuary)
  2 hound skeletons (D:6)
  2 mummies (Ossuary)
  11 gnolls
  5 adders
  A howler monkey skeleton (D:4)
  2 shadow imps
  An ooze (D:2)
  2 worms
  An adder skeleton (D:4)
  9 adder zombies
  3 leopard geckos
  18 orcs
  3 ball pythons
  A giant cockroach (D:4)
  4 goblins
  11 hobgoblins
  5 jackals
  4 kobolds
  2 quokkas
  11 bats
  3 frilled lizards
  2 gnoll zombies (Ossuary)
  2 hobgoblin zombies (Ossuary)
  5 kobold zombies (Ossuary)
  9 orc zombies (Ossuary)
  4 rats
172 creatures vanquished.

Vanquished Creatures (collateral kills)
  A killer bee (D:7)
  A bullfrog skeleton (D:7)
2 creatures vanquished.

Vanquished Creatures (others)
  An orc wizard (D:6)
  An ancestor (D:7)
2 creatures vanquished.

Grand Total: 176 creatures vanquished

Notes
Turn   | Place    | Note
-------+----------+-------------------------------------------
     0 | D:1      | DaddyBuck the Formicid Fighter began the quest for the Orb.
     0 | D:1      | Reached XP level 1. HP: 18/18 MP: 1/1
    77 | D:1      | Reached XP level 2. HP: 23/24 MP: 2/2
   234 | D:1      | Reached skill level 4 in Shields
   572 | D:2      | Reached XP level 3. HP: 29/29 MP: 3/3
   711 | D:2      | Found a stormy altar of Qazlal.
   719 | D:2      | Noticed Jessica
   850 | D:2      | Found a sacrificial altar of Ru.
   935 | D:2      | Killed Jessica
   935 | D:2      | Reached XP level 4. HP: 10/35 MP: 4/4
  1340 | D:2      | Reached XP level 5. HP: 38/41 MP: 5/5
  1556 | D:3      | Reached skill level 1 in Dodging
  1734 | D:3      | Found a blossoming altar of Fedhas.
  1839 | D:3      | Reached XP level 6. HP: 41/48 MP: 6/6
  2155 | D:4      | Found a burning altar of Makhleb.
  2159 | D:4      | Found a hide-covered altar of Uskayaw.
  2166 | D:4      | Found a shimmering altar of Xom.
  2167 | D:4      | Found a snail-covered altar of Cheibriados.
  2171 | D:4      | Found a radiant altar of Vehumet.
  2496 | D:4      | Reached skill level 5 in Shields
  2622 | D:4      | Reached XP level 7. HP: 16/55 MP: 7/7
  2635 | D:4      | You fall through a shaft!
  2635 | D:5      | Entered Level 5 of the Dungeon
  2880 | D:4      | Reached skill level 5 in Armour
  2958 | D:4      | Noticed Blork the orc
  2967 | D:4      | Killed Blork the orc
  3079 | D:4      | Found a deep blue altar of Sif Muna.
  3490 | D:5      | Noticed Sigmund
  3499 | D:5      | Killed Sigmund
  3499 | D:5      | Reached skill level 5 in Fighting
  3499 | D:5      | Reached skill level 5 in Long Blades
  3499 | D:5      | Reached XP level 8. HP: 44/62 MP: 8/8
  3634 | D:5      | Reached skill level 6 in Shields
  3637 | D:5      | Noticed Edmund
  3646 | D:5      | Killed Edmund
  3740 | D:5      | Found a glowing golden altar of the Shining One.
  3848 | D:5      | Noticed Pikel
  3866 | D:5      | Killed Pikel
  3866 | D:5      | Reached skill level 7 in Shields
  3866 | D:5      | Reached XP level 9. HP: 57/69 MP: 9/9
  4202 | D:5      | Found an iron altar of Okawaru.
  4202 | D:5      | Found a bloodstained altar of Trog.
  4464 | D:6      | Found Oxeng's Gadget Shoppe.
  4707 | D:6      | HP: 3/71 [orc priest/divine providence (16)]
  4711 | D:6      | HP: 1/71 [orc/mace (3)]
  4877 | D:6      | Found a staircase to the Ecumenical Temple.
  5087 | D:6      | Found a sand-covered staircase.
  5097 | Ossuary  | Entered an ossuary
  5111 | Ossuary  | Noticed Spif's ghost (novice GrFi)
  5115 | Ossuary  | Killed Spif's ghost
  5115 | Ossuary  | Reached skill level 8 in Shields
  5495 | Ossuary  | Reached XP level 10. HP: 78/79 MP: 10/10
  5611 | Temple   | Entered the Ecumenical Temple
  5641 | Temple   | Became a worshipper of Hepliaklqana the Forgotten
  6432 | D:7      | Reached skill level 1 in Invocations
  6651 | D:7      | HP: 3/72 [poisoned by a killer bee]
  6654 | D:7      | HP: 1/108 [poisoned by a killer bee]
  6654 | D:7      | Slain by a killer bee

Skill      XL: |  1  2  3  4  5  6  7  8  9 10 |
---------------+-------------------------------+-----
Shields        | 4 5 7 8 |  8.7
Long Blades    | 3 4 5 6 7 |  7.3
Armour         | 4 5 6 7 |  7.7
Dodging        | 1 3 |  3.3
Fighting       | 4 5 6 7 |  7.8
Invocations    | 2 |  2.2

Action                   |  1- 3 |  4- 6 |  7- 9 | 10-12 || total
-------------------------+-------+-------+-------+-------++-------
Melee: Long sword        |    85 |       |       |       ||    85
       Great sword       |     7 |   131 |   230 |    52 ||   420
Invok: Ancestor Identity |       |       |       |     1 ||     1
 Abil: Dig               |       |     1 |     2 |       ||     3
       Shaft Self        |       |       |     1 |       ||     1
  Use: Scroll            |     1 |       |     7 |       ||     8
       Potion            |       |     1 |     1 |     3 ||     5
  Eat: Chunk             |       |     5 |     6 |       ||    11
       Fruit             |       |       |     6 |       ||     6
       Bread ration      |       |       |       |     1 ||     1
Armor: Scale mail        |    59 |    43 |     2 |       ||   104
       Chain mail        |       |       |    84 |     7 ||    91
       Plate armour      |       |       |       |    24 ||    24
       Skin              |       |       |       |     1 ||     1
Dodge: Dodged            |    45 |    52 |    75 |    30 ||   202
Block: Shield            |    54 |    75 |   143 |    50 ||   322
       Rpst.: Long sword |    14 |       |       |       ||    14
       Great sword       |     2 |    16 |    30 |    11 ||    59
